[ AOE2 MATCH · #475262265 ]
Team RMTeutons vs Mongols
[ REPLAY ANALYSIS · EXTRACTED FROM THE RECORDED GAME ]
Feudal
12:58
Castle
25:16
Imperial
—
| APM avg | 22.3 |
| APM peak | 70 |
| eAPM avg | 17.0 |
| Villagers / military | 112 / 56 |
Focus
⚔️ 20.0% · 🌾 80.0%
Spearman ×20 · Militia ×10 · Scorpion ×10 · Teutonic Knight ×6 · Archer ×4 · Skirmisher ×3
Feudal
10:05
Castle
20:34
Imperial
35:40
| APM avg | 48.0 |
| APM peak | 152 |
| eAPM avg | 17.9 |
| Villagers / military | 89 / 58 |
Focus
⚔️ 24.0% · 🌾 76.0%
Scout Cavalry ×24 · Mangudai ×23 · Fishing Ship ×16 · Knight ×5 · Trebuchet (Packed) ×3 · Monk ×2
Feudal
12:24
Castle
27:53
Imperial
—
| APM avg | 43.2 |
| APM peak | 125 |
| eAPM avg | 19.0 |
| Villagers / military | 64 / 127 |
Focus
⚔️ 34.3% · 🌾 65.7%
Woad Raider ×86 · Fishing Ship ×45 · Spearman ×19 · Scorpion ×10 · Knight ×6 · Scout Cavalry ×6
Feudal
11:41
Castle
25:06
Imperial
—
| APM avg | 42.9 |
| APM peak | 86 |
| eAPM avg | 12.7 |
| Villagers / military | 80 / 71 |
Focus
⚔️ 24.9% · 🌾 75.1%
Cavalry Archer ×21 · Spearman ×12 · Tarkan ×10 · Archer ×9 · Scout Cavalry ×7 · Skirmisher ×6
Match map
Initial resources + every placement click. Lines = walls · curves = elevation contours. ◆ gold · ⬟ stone · ● berries · ✦ relic · ◌ wall gap
Your base· Open — unwalled flank
*IAmLegend>>'s base· Open — unwalled flank
EL SANTO PADRE's base· Open — unwalled flank
cpt_kernel's base· Open — 5t gap
Smoothed initial terrain · ◌ = detected wall gap · hover for details
Inputs per minute
— EL PADRE SANTO - - *IAmLegend>>
Build order — EL PADRE SANTO
First 150 of 248 actions detected
| 0:04 | Research | Loom |
| 0:04 | Create | Villager (Male) |
| 0:05 | Create | Villager (Male) |
| 0:05 | Create | Villager (Male) |
| 0:05 | Create | Villager (Male) |
| 0:05 | Create | Villager (Male) |
| 0:26 | Build | House |
| 0:27 | Build | House |
| 0:27 | Build | House |
| 0:28 | Build | House |
| 1:58 | Create | Villager (Male) |
| 1:58 | Create | Villager (Male) |
| 2:41 | Create | Villager (Male) |
| 3:02 | Create | Villager (Male) |
| 3:03 | Create | Villager (Male) |
| 3:31 | Create | Villager (Male) |
| 4:08 | Create | Villager (Male) |
| 4:08 | Create | Villager (Male) |
| 4:14 | Create | Villager (Male) |
| 4:15 | Create | Villager (Male) |
| 4:49 | Create | Villager (Male) |
| 4:56 | Create | Villager (Male) |
| 4:56 | Create | Villager (Male) |
| 5:33 | Create | Villager (Male) |
| 5:33 | Create | Villager (Male) |
| 5:34 | Create | Villager (Male) |
| 5:58 | Create | Villager (Male) |
| 5:58 | Create | Villager (Male) |
| 6:22 | Create | Villager (Male) |
| 6:22 | Create | Villager (Male) |
| 6:22 | Create | Villager (Male) |
| 6:35 | Build | House |
| 6:53 | Create | Villager (Male) |
| 6:53 | Create | Villager (Male) |
| 7:07 | Build | Mill |
| 7:23 | Build | Lumber Camp |
| 7:54 | Create | Villager (Male) |
| 7:54 | Create | Villager (Male) |
| 7:54 | Create | Villager (Male) |
| 7:55 | Create | Villager (Male) |
| 7:55 | Create | Villager (Male) |
| 8:33 | Create | Villager (Male) |
| 8:34 | Create | Villager (Male) |
| 8:55 | Build | Mining Camp |
| 10:26 | Build | Barracks |
| 10:33 | Research | Feudal Age |
| 10:39 | Build | House |
| 10:41 | Build | House |
| 10:42 | Build | House |
| 11:32 | Create | Militia |
| 11:32 | Create | Militia |
| 11:32 | Create | Militia |
| 12:03 | Create | Militia |
| 12:03 | Create | Militia |
| 12:04 | Create | Militia |
| 12:04 | Create | Militia |
| 12:49 | Build | Farm |
| 12:50 | Build | Farm |
| 12:51 | Build | Farm |
| 12:54 | Create | Villager (Male) |
| 12:55 | Create | Villager (Male) |
| 12:58 | Age | Feudal Age |
| 13:06 | Create | Spearman |
| 13:06 | Create | Spearman |
| 13:06 | Create | Spearman |
| 13:15 | Build | Archery Range |
| 13:20 | Create | Villager (Male) |
| 13:21 | Create | Villager (Male) |
| 13:41 | Create | Villager (Male) |
| 13:41 | Create | Villager (Male) |
| 13:41 | Create | Villager (Male) |
| 14:07 | Research | Man-at-Arms (upgrade) |
| 14:17 | Build | Watch Tower |
| 14:21 | Create | Archer |
| 14:22 | Create | Archer |
| 14:22 | Create | Archer |
| 14:22 | Create | Archer |
| 15:00 | Create | Villager (Male) |
| 15:00 | Create | Villager (Male) |
| 15:01 | Create | Villager (Male) |
| 15:19 | Build | House |
| 15:21 | Build | House |
| 15:39 | Research | Arson |
| 15:56 | Create | Spearman |
| 15:56 | Create | Spearman |
| 15:56 | Create | Spearman |
| 16:15 | Build | Farm |
| 16:16 | Build | Farm |
| 16:16 | Build | Farm |
| 16:16 | Build | Farm |
| 16:17 | Build | Farm |
| 16:17 | Build | Farm |
| 16:17 | Build | Farm |
| 16:17 | Build | Farm |
| 16:19 | Build | Farm |
| 16:20 | Build | Farm |
| 16:20 | Build | Farm |
| 16:21 | Build | Farm |
| 16:24 | Build | Farm |
| 16:25 | Build | Farm |
| 16:56 | Build | Farm |
| 17:01 | Create | Villager (Male) |
| 17:01 | Create | Villager (Male) |
| 17:01 | Create | Villager (Male) |
| 17:11 | Build | Blacksmith |
| 17:51 | Create | Skirmisher |
| 17:52 | Create | Skirmisher |
| 17:52 | Create | Skirmisher |
| 17:54 | Create | Villager (Male) |
| 17:54 | Create | Villager (Male) |
| 18:59 | Research | Forging |
| 18:59 | Research | Fletching |
| 19:25 | Create | Villager (Male) |
| 19:26 | Create | Villager (Male) |
| 19:32 | Build | House |
| 19:32 | Build | House |
| 19:33 | Build | House |
| 20:00 | Build | Market |
| 20:24 | Build | Watch Tower |
| 20:28 | Build | Farm |
| 20:53 | Build | Farm |
| 21:09 | Build | Farm |
| 22:36 | Research | Castle Age |
| 22:42 | Create | Spearman |
| 22:42 | Create | Spearman |
| 22:42 | Create | Spearman |
| 22:43 | Create | Spearman |
| 23:09 | Research | Scale Mail Armor |
| 23:51 | Build | House |
| 25:16 | Age | Castle Age |
| 25:20 | Build | Castle |
| 25:31 | Create | Villager (Male) |
| 25:31 | Create | Villager (Male) |
| 25:32 | Create | Villager (Male) |
| 25:32 | Create | Villager (Male) |
| 25:32 | Create | Villager (Male) |
| 25:32 | Create | Villager (Male) |
| 25:32 | Create | Villager (Male) |
| 25:32 | Create | Villager (Male) |
| 25:36 | Research | Pikeman (upgrade) |
| 25:37 | Research | Squires |
| 25:53 | Create | Villager (Male) |
| 25:53 | Create | Villager (Male) |
| 25:53 | Create | Villager (Male) |
| 26:07 | Build | Siege Workshop |
| 26:08 | Create | Villager (Male) |
| 26:08 | Create | Villager (Male) |
| 26:32 | Build | Farm |
| 26:35 | Create | Battering Ram |
| 26:35 | Create | Battering Ram |
Build order — *IAmLegend>>
First 150 of 287 actions detected
| 0:02 | Create | Villager (Male) |
| 0:02 | Create | Villager (Male) |
| 0:03 | Create | Villager (Male) |
| 0:03 | Create | Villager (Male) |
| 0:05 | Build | House |
| 0:07 | Build | House |
| 1:38 | Create | Villager (Male) |
| 2:07 | Create | Villager (Male) |
| 2:07 | Create | Villager (Male) |
| 2:36 | Create | Villager (Male) |
| 2:54 | Create | Villager (Male) |
| 2:55 | Create | Villager (Male) |
| 3:20 | Build | Dock |
| 3:49 | Create | Villager (Male) |
| 3:50 | Create | Villager (Male) |
| 3:50 | Create | Villager (Male) |
| 3:50 | Create | Villager (Male) |
| 4:18 | Create | Villager (Male) |
| 4:18 | Create | Villager (Male) |
| 4:28 | Build | House |
| 4:56 | Create | Villager (Male) |
| 4:57 | Create | Villager (Male) |
| 5:14 | Create | Villager (Male) |
| 5:38 | Create | Villager (Male) |
| 6:15 | Build | Lumber Camp |
| 6:47 | Build | Mill |
| 6:55 | Research | Loom |
| 7:05 | Build | House |
| 7:55 | Research | Feudal Age |
| 8:11 | Build | Farm |
| 8:17 | Create | Fishing Ship |
| 9:47 | Build | Barracks |
| 9:51 | Build | House |
| 10:04 | Create | Villager (Male) |
| 10:04 | Create | Villager (Male) |
| 10:05 | Create | Villager (Male) |
| 10:05 | Age | Feudal Age |
| 10:43 | Build | Stable |
| 10:47 | Create | Villager (Male) |
| 10:47 | Create | Villager (Male) |
| 11:20 | Research | Double-Bit Axe |
| 11:23 | Create | Villager (Male) |
| 11:23 | Create | Villager (Male) |
| 11:31 | Create | Scout Cavalry |
| 11:46 | Build | Fish Trap |
| 12:21 | Create | Villager (Male) |
| 12:21 | Create | Villager (Male) |
| 12:26 | Build | House |
| 12:30 | Build | House |
| 13:05 | Build | Lumber Camp |
| 13:12 | Create | Villager (Male) |
| 13:12 | Create | Villager (Male) |
| 13:13 | Create | Villager (Male) |
| 13:20 | Create | Scout Cavalry |
| 13:20 | Create | Scout Cavalry |
| 13:32 | Research | Horse Collar |
| 13:40 | Build | Farm |
| 13:41 | Build | Farm |
| 13:59 | Create | Spearman |
| 14:05 | Create | Villager (Male) |
| 14:11 | Create | Scout Cavalry |
| 14:24 | Build | House |
| 14:31 | Create | Villager (Male) |
| 14:42 | Build | Blacksmith |
| 15:21 | Create | Villager (Male) |
| 15:41 | Build | Market |
| 16:27 | Build | Farm |
| 16:28 | Build | Farm |
| 16:29 | Build | Farm |
| 16:30 | Build | Farm |
| 16:31 | Build | Farm |
| 16:39 | Build | Mining Camp |
| 17:54 | Research | Castle Age |
| 18:39 | Create | Scout Cavalry |
| 18:40 | Create | Scout Cavalry |
| 18:55 | Build | Watch Tower |
| 19:05 | Create | Fishing Ship |
| 19:05 | Create | Fishing Ship |
| 19:05 | Create | Fishing Ship |
| 19:05 | Create | Fishing Ship |
| 19:06 | Create | Fishing Ship |
| 19:06 | Create | Fishing Ship |
| 19:20 | Research | Stone Mining |
| 20:03 | Build | Fish Trap |
| 20:13 | Build | House |
| 20:17 | Build | House |
| 20:34 | Age | Castle Age |
| 20:36 | Build | Fish Trap |
| 20:41 | Research | Town Watch |
| 20:41 | Research | Town Watch |
| 20:41 | Create | Villager (Male) |
| 20:42 | Create | Villager (Male) |
| 20:42 | Create | Villager (Male) |
| 21:15 | Create | Knight |
| 21:15 | Create | Knight |
| 21:33 | Build | Fish Trap |
| 22:46 | Create | Knight |
| 22:47 | Create | Knight |
| 22:47 | Create | Knight |
| 22:55 | Build | Fish Trap |
| 23:04 | Build | Fish Trap |
| 23:12 | Create | Villager (Male) |
| 23:12 | Create | Villager (Male) |
| 23:12 | Create | Villager (Male) |
| 23:12 | Create | Villager (Male) |
| 23:30 | Build | Fish Trap |
| 23:48 | Research | Husbandry |
| 24:19 | Build | Castle |
| 24:35 | Create | Villager (Male) |
| 24:35 | Create | Villager (Male) |
| 24:36 | Create | Villager (Male) |
| 26:46 | Build | Town Center |
| 26:54 | Create | Mangudai |
| 26:55 | Create | Mangudai |
| 27:05 | Create | Villager (Male) |
| 27:05 | Create | Villager (Male) |
| 27:06 | Create | Villager (Male) |
| 27:06 | Create | Villager (Male) |
| 27:06 | Create | Villager (Male) |
| 27:06 | Create | Villager (Male) |
| 27:06 | Create | Villager (Male) |
| 27:07 | Create | Villager (Male) |
| 27:22 | Build | Town Center |
| 27:25 | Research | Gold Mining |
| 27:31 | Create | Villager (Male) |
| 27:31 | Create | Villager (Male) |
| 27:41 | Build | Farm |
| 27:42 | Build | Farm |
| 27:42 | Build | Farm |
| 27:42 | Build | Farm |
| 27:42 | Build | Farm |
| 27:43 | Build | Farm |
| 27:43 | Build | Farm |
| 27:43 | Build | Farm |
| 27:44 | Build | Farm |
| 27:44 | Build | Farm |
| 28:21 | Research | Wheelbarrow |
| 28:22 | Create | Villager (Male) |
| 28:29 | Build | Dock |
| 28:38 | Create | Mangudai |
| 28:38 | Create | Mangudai |
| 28:39 | Create | Mangudai |
| 28:48 | Create | Villager (Male) |
| 28:48 | Create | Villager (Male) |
| 28:48 | Create | Villager (Male) |
| 29:14 | Create | Fishing Ship |
| 29:34 | Build | University |
| 29:38 | Build | House |
| 29:48 | Create | Fishing Ship |
| 29:58 | Build | Fish Trap |
Build order — EL SANTO PADRE
First 150 of 322 actions detected
| 0:03 | Create | Villager (Male) |
| 0:03 | Create | Villager (Male) |
| 0:03 | Create | Villager (Male) |
| 0:04 | Create | Villager (Male) |
| 0:04 | Create | Villager (Male) |
| 0:04 | Create | Villager (Male) |
| 0:07 | Build | House |
| 0:09 | Build | House |
| 1:29 | Create | Villager (Male) |
| 1:29 | Create | Villager (Male) |
| 1:31 | Research | Loom |
| 2:10 | Create | Villager (Male) |
| 2:10 | Create | Villager (Male) |
| 2:28 | Create | Villager (Male) |
| 3:09 | Create | Villager (Male) |
| 3:09 | Create | Villager (Male) |
| 3:09 | Create | Villager (Male) |
| 3:28 | Create | Villager (Male) |
| 3:58 | Build | Lumber Camp |
| 4:02 | Create | Villager (Male) |
| 4:02 | Create | Villager (Male) |
| 4:03 | Create | Villager (Male) |
| 4:03 | Create | Villager (Male) |
| 4:17 | Build | House |
| 4:19 | Build | House |
| 4:27 | Create | Villager (Male) |
| 4:27 | Create | Villager (Male) |
| 4:44 | Create | Villager (Male) |
| 4:45 | Create | Villager (Male) |
| 5:03 | Create | Villager (Male) |
| 5:04 | Create | Villager (Male) |
| 5:36 | Create | Villager (Male) |
| 5:36 | Create | Villager (Male) |
| 5:57 | Create | Villager (Male) |
| 5:57 | Create | Villager (Male) |
| 6:26 | Build | Mill |
| 6:31 | Create | Villager (Male) |
| 6:32 | Create | Villager (Male) |
| 6:32 | Create | Villager (Male) |
| 7:28 | Create | Villager (Male) |
| 7:28 | Create | Villager (Male) |
| 7:29 | Create | Villager (Male) |
| 7:45 | Build | Farm |
| 7:49 | Build | Farm |
| 7:53 | Build | Farm |
| 8:08 | Build | Farm |
| 8:12 | Build | House |
| 8:25 | Build | Farm |
| 8:44 | Build | House |
| 9:16 | Build | Dock |
| 9:55 | Build | Dock |
| 10:14 | Research | Feudal Age |
| 10:34 | Build | Mining Camp |
| 10:45 | Create | Fishing Ship |
| 10:45 | Create | Fishing Ship |
| 10:45 | Create | Fishing Ship |
| 11:19 | Build | Lumber Camp |
| 11:34 | Create | Villager (Male) |
| 11:35 | Create | Villager (Male) |
| 11:35 | Create | Villager (Male) |
| 11:35 | Create | Villager (Male) |
| 11:36 | Create | Villager (Male) |
| 12:24 | Age | Feudal Age |
| 12:34 | Build | Fish Trap |
| 12:44 | Research | Double-Bit Axe |
| 12:49 | Create | Villager (Male) |
| 12:50 | Create | Villager (Male) |
| 12:50 | Create | Villager (Male) |
| 13:08 | Create | Fishing Ship |
| 13:08 | Create | Fishing Ship |
| 13:36 | Create | Fishing Ship |
| 13:36 | Create | Fishing Ship |
| 13:37 | Create | Fishing Ship |
| 13:37 | Create | Fishing Ship |
| 13:56 | Build | Fish Trap |
| 14:10 | Build | House |
| 14:11 | Build | House |
| 14:13 | Build | House |
| 14:23 | Create | Villager (Male) |
| 14:24 | Create | Villager (Male) |
| 14:24 | Create | Villager (Male) |
| 14:24 | Create | Villager (Male) |
| 14:25 | Create | Villager (Male) |
| 14:40 | Build | Barracks |
| 14:52 | Build | Fish Trap |
| 15:29 | Build | Fish Trap |
| 15:32 | Build | Fish Trap |
| 15:40 | Create | Spearman |
| 15:40 | Create | Spearman |
| 15:41 | Create | Spearman |
| 15:41 | Create | Spearman |
| 17:23 | Create | Spearman |
| 17:24 | Create | Spearman |
| 17:24 | Create | Spearman |
| 17:24 | Create | Spearman |
| 17:24 | Create | Spearman |
| 17:25 | Create | Spearman |
| 17:25 | Create | Spearman |
| 17:25 | Create | Spearman |
| 18:47 | Build | Stable |
| 19:41 | Create | Scout Cavalry |
| 19:42 | Create | Scout Cavalry |
| 19:42 | Create | Scout Cavalry |
| 19:42 | Create | Scout Cavalry |
| 19:43 | Create | Scout Cavalry |
| 19:43 | Create | Scout Cavalry |
| 20:23 | Build | Blacksmith |
| 20:34 | Research | Tech 906 |
| 20:34 | Create | Fishing Ship |
| 20:35 | Create | Fishing Ship |
| 20:35 | Create | Fishing Ship |
| 20:35 | Create | Fishing Ship |
| 20:35 | Create | Fishing Ship |
| 20:36 | Create | Fishing Ship |
| 21:05 | Create | Spearman |
| 21:05 | Create | Spearman |
| 21:17 | Build | Watch Tower |
| 21:42 | Build | Watch Tower |
| 22:02 | Build | House |
| 22:03 | Build | House |
| 22:05 | Build | House |
| 24:48 | Create | Fishing Ship |
| 24:48 | Create | Fishing Ship |
| 24:48 | Create | Fishing Ship |
| 24:48 | Create | Fishing Ship |
| 24:49 | Create | Fishing Ship |
| 24:49 | Create | Fishing Ship |
| 24:49 | Create | Fishing Ship |
| 24:50 | Create | Fishing Ship |
| 24:50 | Create | Fishing Ship |
| 24:50 | Create | Fishing Ship |
| 24:50 | Create | Fishing Ship |
| 24:51 | Create | Fishing Ship |
| 25:13 | Research | Castle Age |
| 25:32 | Build | House |
| 25:33 | Build | House |
| 25:33 | Build | House |
| 25:34 | Build | House |
| 25:35 | Build | House |
| 25:37 | Build | House |
| 25:38 | Build | House |
| 26:14 | Build | Fish Trap |
| 26:17 | Build | Fish Trap |
| 26:18 | Build | Fish Trap |
| 26:43 | Research | Stone Mining |
| 27:23 | Build | Farm |
| 27:53 | Age | Castle Age |
| 27:58 | Build | Mining Camp |
| 28:02 | Create | Knight |
| 28:02 | Create | Knight |
Build order — cpt_kernel
First 150 of 201 actions detected
| 0:19 | Create | Villager (Male) |
| 0:19 | Create | Villager (Male) |
| 0:19 | Create | Villager (Male) |
| 0:19 | Create | Villager (Male) |
| 0:19 | Create | Villager (Male) |
| 1:29 | Create | Villager (Male) |
| 1:33 | Build | Mill |
| 2:21 | Research | Loom |
| 3:00 | Create | Villager (Male) |
| 3:00 | Create | Villager (Male) |
| 3:38 | Create | Villager (Male) |
| 3:38 | Create | Villager (Male) |
| 4:01 | Create | Villager (Male) |
| 4:02 | Create | Villager (Male) |
| 4:14 | Create | Villager (Male) |
| 4:58 | Create | Villager (Male) |
| 4:58 | Create | Villager (Male) |
| 5:40 | Create | Villager (Male) |
| 5:58 | Create | Villager (Male) |
| 6:13 | Build | Mill |
| 6:21 | Create | Villager (Male) |
| 6:56 | Create | Villager (Male) |
| 7:16 | Create | Villager (Male) |
| 7:41 | Create | Villager (Male) |
| 7:49 | Create | Villager (Male) |
| 8:12 | Create | Villager (Male) |
| 8:39 | Build | Lumber Camp |
| 9:01 | Create | Villager (Male) |
| 9:31 | Research | Feudal Age |
| 10:20 | Build | Dock |
| 10:53 | Build | Barracks |
| 11:41 | Age | Feudal Age |
| 11:47 | Create | Villager (Male) |
| 11:48 | Create | Villager (Male) |
| 11:57 | Build | Stable |
| 12:15 | Create | Villager (Male) |
| 12:27 | Create | Villager (Male) |
| 12:53 | Build | Archery Range |
| 12:56 | Create | Scout Cavalry |
| 12:56 | Create | Scout Cavalry |
| 12:56 | Create | Scout Cavalry |
| 12:56 | Create | Scout Cavalry |
| 13:05 | Create | Villager (Male) |
| 13:11 | Research | Double-Bit Axe |
| 13:32 | Build | Farm |
| 13:35 | Build | Farm |
| 13:37 | Create | Villager (Male) |
| 13:39 | Create | Villager (Male) |
| 13:45 | Build | Farm |
| 14:13 | Create | Villager (Male) |
| 14:30 | Create | Archer |
| 14:30 | Create | Archer |
| 14:31 | Create | Archer |
| 14:54 | Create | Villager (Male) |
| 15:02 | Build | Lumber Camp |
| 15:10 | Create | Villager (Male) |
| 15:16 | Create | Scout Cavalry |
| 15:44 | Create | Villager (Male) |
| 16:07 | Create | Villager (Male) |
| 16:10 | Create | Villager (Male) |
| 16:32 | Build | Blacksmith |
| 17:37 | Create | Villager (Male) |
| 17:37 | Create | Villager (Male) |
| 17:57 | Build | Farm |
| 17:59 | Build | Farm |
| 17:59 | Build | Farm |
| 18:00 | Build | Farm |
| 18:00 | Build | Farm |
| 18:00 | Build | Farm |
| 18:04 | Create | Archer |
| 18:20 | Create | Skirmisher |
| 18:30 | Build | Farm |
| 18:44 | Build | Watch Tower |
| 18:47 | Create | Villager (Male) |
| 18:50 | Create | Archer |
| 18:58 | Build | Farm |
| 18:58 | Build | Farm |
| 18:58 | Build | Farm |
| 19:30 | Create | Villager (Male) |
| 19:33 | Build | Farm |
| 19:43 | Research | Fletching |
| 20:54 | Create | Villager (Male) |
| 21:06 | Build | Market |
| 21:08 | Create | Villager (Male) |
| 21:09 | Build | Farm |
| 21:10 | Build | Farm |
| 21:10 | Build | Farm |
| 21:10 | Build | Farm |
| 21:19 | Create | Archer |
| 21:19 | Create | Archer |
| 21:28 | Research | Horse Collar |
| 21:39 | Build | Farm |
| 22:01 | Create | Villager (Male) |
| 22:03 | Create | Archer |
| 22:14 | Research | Castle Age |
| 22:20 | Build | Farm |
| 22:24 | Build | Farm |
| 22:31 | Create | Archer |
| 22:35 | Research | Padded Archer Armor |
| 23:09 | Create | Spearman ×4 |
| 23:59 | Create | Villager (Male) |
| 24:05 | Build | Barracks |
| 24:06 | Build | Barracks |
| 24:52 | Create | Spearman |
| 24:52 | Create | Spearman |
| 25:06 | Age | Castle Age |
| 25:07 | Create | Villager (Male) |
| 25:13 | Create | Cavalry Archer ×5 |
| 25:22 | Build | Archery Range |
| 25:32 | Create | Villager (Male) |
| 25:46 | Build | Lumber Camp |
| 25:49 | Build | Barracks |
| 25:54 | Create | Villager (Male) |
| 26:18 | Build | Farm |
| 26:25 | Create | Cavalry Archer |
| 26:40 | Build | University |
| 26:43 | Create | Villager (Male) |
| 27:03 | Create | Villager (Male) |
| 27:06 | Create | Cavalry Archer |
| 27:06 | Create | Cavalry Archer |
| 27:11 | Create | Villager (Male) |
| 27:11 | Create | Villager (Male) |
| 27:23 | Create | Villager (Male) |
| 27:24 | Create | Villager (Male) |
| 27:34 | Research | Husbandry |
| 27:37 | Create | Villager (Male) |
| 27:37 | Create | Villager (Male) |
| 28:40 | Create | Villager (Male) |
| 28:40 | Create | Villager (Male) |
| 28:43 | Research | Bodkin Arrow |
| 28:48 | Create | Cavalry Archer ×2 |
| 29:19 | Create | Villager (Male) |
| 29:36 | Create | Villager (Male) |
| 29:36 | Create | Villager (Male) |
| 30:05 | Build | Farm |
| 30:05 | Build | Farm |
| 30:06 | Build | Farm |
| 30:06 | Build | Farm |
| 30:07 | Research | Heavy Plow |
| 30:33 | Create | Villager (Male) |
| 30:33 | Create | Villager (Male) |
| 30:37 | Create | Villager (Male) |
| 30:57 | Build | Castle |
| 30:59 | Create | Villager (Male) |
| 30:59 | Create | Villager (Male) |
| 31:02 | Create | Villager (Male) |
| 31:03 | Create | Villager (Male) |
| 31:24 | Research | Thumb Ring |
| 31:46 | Research | Bow Saw |
| 32:30 | Create | Villager (Male) |
Match timeline
| 3:20 | *IAmLegend>> · first_building Dock |
| 9:16 | EL SANTO PADRE · first_building Dock |
| 9:47 | *IAmLegend>> · first_building Barracks |
| 10:05 | *IAmLegend>> · age_up feudal |
| 10:20 | cpt_kernel · first_building Dock |
| 10:26 | EL PADRE SANTO · first_building Barracks |
| 10:43 | *IAmLegend>> · first_building Stable |
| 10:53 | cpt_kernel · first_building Barracks |
| 11:41 | cpt_kernel · age_up feudal |
| 11:57 | cpt_kernel · first_building Stable |
| 12:24 | EL SANTO PADRE · age_up feudal |
| 12:53 | cpt_kernel · first_building Archery Range |
| 12:58 | EL PADRE SANTO · age_up feudal |
| 13:15 | EL PADRE SANTO · first_building Archery Range |
| 14:40 | EL SANTO PADRE · first_building Barracks |
| 17:52 | *IAmLegend>> · first_market_buy 100 food |
| 18:47 | EL SANTO PADRE · first_building Stable |
| 20:34 | *IAmLegend>> · age_up castle |
| 22:08 | cpt_kernel · first_market_sell 500 wood |
| 22:12 | cpt_kernel · first_market_buy 500 food |
| 23:59 | EL PADRE SANTO · first_market_buy 100 stone |
| 24:19 | *IAmLegend>> · first_building Castle |
| 25:06 | cpt_kernel · age_up castle |
| 25:16 | EL PADRE SANTO · age_up castle |
| 25:20 | EL PADRE SANTO · first_building Castle |
| 26:07 | EL PADRE SANTO · first_building Siege Workshop |
| 27:53 | EL SANTO PADRE · age_up castle |
| 29:14 | EL SANTO PADRE · first_building Castle |
| 30:57 | cpt_kernel · first_building Castle |
| 32:19 | *IAmLegend>> · first_market_sell 100 food |
| 33:09 | cpt_kernel · first_building Siege Workshop |
| 34:06 | *IAmLegend>> · first_building Monastery |
| 35:06 | EL SANTO PADRE · first_building Siege Workshop |
| 35:40 | *IAmLegend>> · age_up imperial |
| 35:51 | EL SANTO PADRE · wall_segment Stone Wall x12 |
| 39:14 | *IAmLegend>> · first_building Archery Range |
| 45:21 | EL SANTO PADRE · resign |
[ AI ANALYSIS · 1 CREDIT ]
What really happened in this match?
Wolo.gg analyzes every decision: build order, eco, micro, common mistakes by bracket. Personalized analysis on WhatsApp or Discord in 30 seconds.
Civ guide
Teutons
Map guide
MegaRandom
Perfil
Jugador #12029607